 Dungeon Crawl Stone Soup version 0.20.1-1-g8b1a95d (webtiles) character file.

171 Jaysonium the Cudgeler (level 5, 0/46 HPs)
             Began as a Minotaur Berserker on Oct 24, 2017.
             Was a Believer of Trog.
             Slain by an adder (1 damage)
             ... on level 3 of the Dungeon.
             The game lasted 00:25:58 (2287 turns).

Jaysonium the Cudgeler (Minotaur Berserker)         Turns: 2287, Time: 00:25:59

Health: 0/46       AC:  4    Str: 21 (23) XL:     5   Next: 26%
Magic:  4/4        EV: 12    Int:  4      God:    Trog [**....]
Gold:   196        SH:  0    Dex:  6 (9)  Spells: 4/4 levels left

rFire    + . .     SeeInvis .   a - +0 mace
rCold    + . .     Gourm    .   (no shield)
rNeg     . . .     Faith    .   j - +1 leather armour {rF+}
rPois    .         Spirit   .   (helmet restricted)
rElec    .         Reflect  .   (no cloak)
rCorr    .         Harm     .   (no gloves)
MR       .....                  g - -1 pair of boots
Stlth    +.........             (no amulet)
Regen    0.2/turn               m - ring of protection from cold
MPRegen  0.1/turn               (no ring)

@: lethally poisoned (0 -> -13)
A: retaliatory headbutt, horns 2
a: Berserk, Trog's Hand, Burn Spellbooks, Renounce Religion


You were on level 3 of the Dungeon.
You worshipped Trog.
Trog was pleased with you.
You were not hungry.

You visited 1 branch of the dungeon, and saw 3 of its levels.

You collected 196 gold pieces.

Inventory:

Hand Weapons
 a - a +0 mace (weapon)
 k - a +2 dagger of venom
 r - a +0 dagger of venom (quivered)
Armour
 g - a -1 pair of boots (worn)
 j - a +1 leather armour of fire resistance (worn)
Jewellery
 m - a ring of protection from cold (left hand)
Scrolls
 e - a scroll of magic mapping
 l - 2 scrolls of fear
 p - 3 scrolls of remove curse
Potions
 b - a potion of flight
 d - 2 potions of lignification
 f - 3 potions of heal wounds {unknown}
 i - a potion of agility {unknown}
 n - a potion of cancellation {unknown}
 q - a potion of curing {unknown}
Comestibles
 c - a bread ration
 o - a meat ration


   Skills:
 + Level 4.1 Fighting
 + Level 5.5 Maces & Flails
 * Level 2.0 Throwing
 + Level 2.8 Armour
 + Level 3.1 Dodging
 + Level 0.3 Stealth


You had 4 spell levels left.
You didn't know any spells.

Dungeon Overview and Level Annotations

Branches:
Dungeon (3/15)

Altars:


Innate Abilities, Weirdness & Mutations

You reflexively headbutt those who attack you in melee.
You have a pair of horns on your head.


Message History

You are more poisoned.
The adder poisons you!
You barely miss the adder.
You feel sick. The adder bites you.
* * * LOW HITPOINT WARNING * * *
You are lethally poisoned!
The adder poisons you!
You barely miss the adder. Your headbutt misses the adder.
* * * LOW HITPOINT WARNING * * *
You feel sick. The adder bites you.
* * * LOW HITPOINT WARNING * * *
You are more poisoned.
The adder poisons you! The adder misses you.
You closely miss the adder.
* * * LOW HITPOINT WARNING * * *
You feel sick. The adder bites you.
* * * LOW HITPOINT WARNING * * *
You closely miss the adder. Your headbutt misses the adder.
* * * LOW HITPOINT WARNING * * *
You feel sick. The adder misses you. The adder bites you.
You die...

# #########
#.#...#.#.#
#.....#.##
#..#@#..#.#
#. #S##..##
#. ...##..#
#.# ..?..##.#
####
#..##[..##..#
....
#..##.##..##
####
#..###..#.#
#..#.)#.##
#...#.#.#


You could see an adder.

Vanquished Creatures
  A bullfrog (D:3)
  Robin (D:2)
  2 adders
  An ooze (D:2)
  3 worms (D:3)
  2 dart slugs
  2 leopard geckos (D:2)
  A ball python (D:2)
  5 giant cockroaches
  13 goblins
  8 hobgoblins
  3 jackals (D:2)
  3 bats
  5 frilled lizards
  7 kobolds
  2 rats (D:2)
59 creatures vanquished.

Notes
Turn   | Place    | Note
-------+----------+-------------------------------------------
     0 | D:1      | Jaysonium the Minotaur Berserker began the quest for the Orb.
     0 | D:1      | Reached XP level 1. HP: 19/19 MP: 0/0
   645 | D:1      | Reached XP level 2. HP: 27/27 MP: 1/1
   653 | D:1      | Reached skill level 4 in Maces & Flails
  1140 | D:2      | Noticed Robin
  1147 | D:2      | Reached XP level 3. HP: 33/33 MP: 2/2
  1153 | D:2      | Reached skill level 1 in Throwing
  1167 | D:2      | Reached ** piety under Trog
  1177 | D:2      | Killed Robin
  1344 | D:2      | Reached XP level 4. HP: 34/40 MP: 3/3
  1543 | D:2      | Reached skill level 5 in Maces & Flails
  2256 | D:3      | Noticed a bullfrog
  2264 | D:3      | Killed a bullfrog
  2264 | D:3      | Reached XP level 5. HP: 20/46 MP: 4/4
  2286 | D:3      | HP: 2/46 [adder (4)]
  2287 | D:3      | Slain by an adder

Skill      XL: |  1  2  3  4 |
---------------+-------------+-----
Maces & Flails | 4 5 |  5.5
Throwing       | 1 2 |  2.0
Fighting       | 4 |  4.1
Dodging        | 3 |  3.1
Armour         | |  2.8
Stealth        | |  0.3

Action                   |  1- 3 |  4- 6 || total
-------------------------+-------+-------++-------
Melee: Mace              |    77 |    40 ||   117
       Headbutt          |     8 |     7 ||    15
Invok: Burn Spellbooks   |       |     1 ||     1
  Use: Scroll            |     6 |     2 ||     8
       Potion            |     1 |     1 ||     2
 Stab: Sleeping          |     1 |       ||     1
  Eat: Meat ration       |     1 |       ||     1
Armor: Leather armour    |    16 |     8 ||    24
       Skin              |    22 |       ||    22
Dodge: Dodged            |    39 |    36 ||    75
